Capitals vs Kings

Created - January 28, 2024 at 00:14

Goals
1 2 3 T
Capitals 0 1 1 2
Kings 0 0 0 0
Shots
1 2 3 T
Capitals 8 9 6 23
Kings 5 10 9 24

GoalsPenalties
1st period
No Goal
No Penalty
2nd period
1. Capitals , Jordan Greenway 8 (Jonas Siegenthaler 17, Pavel Zacha 10) at 5:36
David Savard (LOS) for Hooking (Minor) at 14:07
Rasmus Ristolainen (LOS) for High sticking (Minor) at 16:44
3rd period
2. Capitals , Michael Rasmussen 13 (Tyler Johnson 7) at 3:52
No Penalty
Goalie Stats
Joonas Korpisalo (WSH), 24 saves from 24 shots - (1.000), W, 8-9-1, 60:00 minutes
Karel Vejmelka (LOS), 21 saves from 23 shots - (0.913), L, 3-4-2, 60:00 minutes
3 StarsOfficial
1 - Joonas Korpisalo (WSH)
2 - Jordan Greenway (WSH)
3 - Jonas Siegenthaler (WSH)
Referees : Chris Rooney and Shaun Davis
Linesman : Mark Shewchyk and Darren Gibbs
Game Note
No Game Note
Finance
Level 1 -- Attendance: 6500 (100.00%) -- Ticket Income $617,500
Level 2 -- Attendance: 5000 (100.00%) -- Ticket Income $375,000
Level 3 -- Attendance: 3500 (100.00%) -- Ticket Income $192,500
Level 4 -- Attendance: 2118 (100.00%) -- Ticket Income $84,720
Luxury Box -- Attendance: 864 (86.40%) -- Ticket Income $194,400
Game was played at the Staples Center.
Total Attendance: 17982 (99.25%)
Total Ticket Income: $1,464,120
Other Income: $366,030
Total Income: $1,830,150



Team Name Goals Shots Shots Attemp Shots Blocked PIM HIT PP PK FO%
Capitals 2234050220 / 2 (0%)047%
Kings 0244744210 / 0 (0.00%053%

Capitals
Player Name POS G A P +/- PIM HIT SHT SB MP PP MP PP SHT PK MP PK SHT FO% FOT
Alex ChiassonRW000000000:000:0000:0000% 0
Alex NylanderLW000001006:090:0000:0000% 0
Ben HuttonD0000020016:572:0700:0000% 0
Brad HuntD0002000019:070:0000:0000% 0
Cody CeciD0000040024:352:3000:0000% 0
David KampfC0000000114:500:0000:0000% 0
Elias PetterssonC0000013023:081:5110:00050% 24
Jonas SiegenthalerD0112040020:351:2800:0000% 0
Jordan GreenwayLW1011043017:050:0000:000100% 1
Kaapo KakkoRW0000004223:081:5100:000100% 1
Kevin LabancRW0001022017:050:0000:0000% 1
Matias MaccelliLW0000011121:170:0000:0000% 1
Michael RasmussenC1011023013:382:0700:00058% 12
Morgan FrostC000000108:162:0700:0000% 2
Noah DobsonD0000011123:561:5100:0000% 0
Pavel ZachaC0111000017:050:0000:00042% 19
Quinton ByfieldC0001002019:472:0700:00043% 7
Tyler JohnsonC0111003013:221:5100:00050% 4
Kings
Player Name POS G A P +/- PIM HIT SHT SB MP PP MP PP SHT PK MP PK SHT FO% FOT
Brandon SaadLW000-1003017:290:0000:2900% 0
Cole SillingerC0000002017:410:0000:38063% 24
Conor ShearyLW0000002018:090:0001:0600% 0
David KrejciC000-1013017:000:0000:00059% 17
David SavardD000-1240022:000:0001:1100% 0
Derek RyanC000000106:050:0001:06025% 4
Evander KaneLW000-1061017:000:0000:0000% 0
Ilya MikheyevRW000-1013017:000:0000:0000% 1
Jason DickinsonC0000014019:170:0002:14057% 7
Jeff CarterC000-1001017:000:0000:00038% 16
Joel EdmundsonD000-1011119:410:0002:3300% 0
Kirill MarchenkoRW000-1021017:000:0000:000100% 2
Mattias EkholmD000-1011123:220:0002:3200% 0
Nick JensenD000-1010018:400:0001:3200% 0
Rasmus RistolainenD0000231118:110:0000:0800% 0
Samuel FagemoLW000000004:590:0000:0000% 0
Timothy LiljegrenD0000000118:040:0000:0000% 0
Tyler MotteC000000007:220:0002:2300% 1



Play-by-Play

1st period


0:01 of 1st period - Jeff Carter wins face-off versus Elias Pettersson in neutral zone.
0:30 of 1st period - Shot by Evander Kane.
0:30 of 1st period - Stopped by Joonas Korpisalo without a rebound.
0:31 of 1st period - Kirill Marchenko wins face-off versus Pavel Zacha in Capitals zone.
0:38 of 1st period - Shot by David Krejci.
0:38 of 1st period - Stopped by Joonas Korpisalo without a rebound.
0:39 of 1st period - Michael Rasmussen wins face-off versus Cole Sillinger in Capitals zone.
0:50 of 1st period - Shot by Tyler Johnson.
0:50 of 1st period - Stopped by Karel Vejmelka without a rebound.
0:51 of 1st period - David Krejci wins face-off versus Pavel Zacha in Kings zone.
0:51 of 1st period - David Krejci is hit by Kevin Labanc.
1:00 of 1st period - Nick Jensen is hit by Jordan Greenway and loses puck.
1:21 of 1st period - Jordan Greenway is hit by Nick Jensen and loses puck.
2:55 of 1st period - Shot by Kaapo Kakko.
2:55 of 1st period - Stopped by Karel Vejmelka without a rebound.
2:56 of 1st period - Pavel Zacha wins face-off versus Derek Ryan in Kings zone.
3:04 of 1st period - Off-side.
3:05 of 1st period - Elias Pettersson wins face-off versus Derek Ryan in neutral zone.
3:18 of 1st period - Shot by Elias Pettersson.
3:18 of 1st period - Shot Blocked by Joel Edmundson.
3:39 of 1st period - Tyler Motte is hit by Jonas Siegenthaler.
5:22 of 1st period - Icing by Jason Dickinson.
5:23 of 1st period - Cole Sillinger wins face-off versus Elias Pettersson in Kings zone.
5:43 of 1st period - Icing by Rasmus Ristolainen.
5:44 of 1st period - Cole Sillinger wins face-off versus Pavel Zacha in Kings zone.
5:44 of 1st period - Timothy Liljegren is hit by Jordan Greenway.
5:54 of 1st period - Shot by Jason Dickinson.
5:54 of 1st period - Shot Misses the Net.
6:28 of 1st period - Off-side.
6:29 of 1st period - Elias Pettersson wins face-off versus Jeff Carter in neutral zone.
6:44 of 1st period - Evander Kane is hit by Matias Maccelli and loses puck.
7:28 of 1st period - David Krejci is hit by Jonas Siegenthaler and loses puck.
8:03 of 1st period - Shot by Ilya Mikheyev.
8:03 of 1st period - Stopped by Joonas Korpisalo without a rebound.
8:04 of 1st period - Cole Sillinger wins face-off versus Kevin Labanc in Capitals zone.
8:24 of 1st period - Shot by Jason Dickinson.
8:24 of 1st period - Stopped by Joonas Korpisalo without a rebound.
8:25 of 1st period - Derek Ryan wins face-off versus Tyler Johnson in Capitals zone.
9:02 of 1st period - Shot by Tyler Johnson.
9:02 of 1st period - Stopped by Karel Vejmelka without a rebound.
9:03 of 1st period - Pavel Zacha wins face-off versus David Krejci in Kings zone.
9:32 of 1st period - Shot by Ilya Mikheyev.
9:32 of 1st period - Deflect By David Krejci.
9:32 of 1st period - Shot Misses the Net.
10:23 of 1st period - Rasmus Ristolainen is hit by Alex Nylander and loses puck.
10:35 of 1st period - Icing by David Kampf.
10:36 of 1st period - Quinton Byfield wins face-off versus Cole Sillinger in Capitals zone.
10:50 of 1st period - Shot by Quinton Byfield.
10:50 of 1st period - Stopped by Karel Vejmelka with a rebound.
10:58 of 1st period - Shot by Morgan Frost.
10:58 of 1st period - Stopped by Karel Vejmelka with a rebound.
12:42 of 1st period - Shot by Ilya Mikheyev.
12:42 of 1st period - Stopped by Joonas Korpisalo without a rebound.
12:43 of 1st period - Michael Rasmussen wins face-off versus Jeff Carter in Capitals zone.
12:43 of 1st period - Michael Rasmussen is hit by Evander Kane.
13:02 of 1st period - Cody Ceci is hit by Evander Kane.
13:42 of 1st period - Icing by David Kampf.
13:43 of 1st period - David Krejci wins face-off versus Pavel Zacha in Capitals zone.
13:49 of 1st period - Off-side.
13:50 of 1st period - Elias Pettersson wins face-off versus Cole Sillinger in neutral zone.
13:54 of 1st period - Off-side.
13:55 of 1st period - Cole Sillinger wins face-off versus Elias Pettersson in neutral zone.
13:55 of 1st period - Cole Sillinger is hit by Jonas Siegenthaler.
13:59 of 1st period - Shot by Conor Sheary.
13:59 of 1st period - Deflect By Cole Sillinger.
13:59 of 1st period - Shot Misses the Net.
14:01 of 1st period - Shot by Jason Dickinson.
14:01 of 1st period - Shot Misses the Net.
14:15 of 1st period - Shot by Jason Dickinson.
14:15 of 1st period - Shot Blocked by Kaapo Kakko.
14:39 of 1st period - Shot by Conor Sheary.
14:39 of 1st period - Shot Misses the Net.
16:06 of 1st period - Shot by David Kampf.
16:06 of 1st period - Shot Misses the Net.
16:08 of 1st period - Shot by Kevin Labanc.
16:08 of 1st period - Stopped by Karel Vejmelka without a rebound.
16:09 of 1st period - Quinton Byfield wins face-off versus Jason Dickinson in Kings zone.
16:19 of 1st period - Icing by David Savard.
16:20 of 1st period - Pavel Zacha wins face-off versus Cole Sillinger in Kings zone.
16:23 of 1st period - Shot by Jordan Greenway.
16:23 of 1st period - Stopped by Karel Vejmelka without a rebound.
16:24 of 1st period - Elias Pettersson wins face-off versus Jeff Carter in Kings zone.
16:24 of 1st period - Cody Ceci is hit by Mattias Ekholm and loses puck.
16:29 of 1st period - Shot by Matias Maccelli.
16:29 of 1st period - Stopped by Karel Vejmelka without a rebound.
16:30 of 1st period - Elias Pettersson wins face-off versus Jeff Carter in Kings zone.
16:36 of 1st period - Matias Maccelli is hit by David Savard and loses puck.
17:02 of 1st period - Cody Ceci is hit by David Savard and loses puck.
17:09 of 1st period - Shot by Evander Kane.
17:09 of 1st period - Shot Blocked by Matias Maccelli.
17:25 of 1st period - Conor Sheary is hit by Elias Pettersson and loses puck.
18:07 of 1st period - Icing by Jonas Siegenthaler.
18:08 of 1st period - David Krejci wins face-off versus Pavel Zacha in Capitals zone.
18:31 of 1st period - Jonas Siegenthaler is hit by Kirill Marchenko.
18:46 of 1st period - Off-side.
18:47 of 1st period - Tyler Johnson wins face-off versus Jeff Carter in neutral zone.
19:50 of 1st period - Off-side.
19:51 of 1st period - Pavel Zacha wins face-off versus David Krejci in neutral zone.
19:53 of 1st period - Noah Dobson is hit by Rasmus Ristolainen and loses puck.
19:59 of 1st period - Off-side.
Goals for this period are 0 for Capitals vs 0 for Kings.
Shots for this period are 8 for Capitals vs 5 for Kings.

2nd period


0:01 of 2nd period - Kaapo Kakko wins face-off versus Cole Sillinger in neutral zone.
0:01 of 2nd period - Kaapo Kakko is hit by Jason Dickinson.
0:05 of 2nd period - Shot by Kaapo Kakko.
0:05 of 2nd period - Stopped by Karel Vejmelka with a rebound.
0:14 of 2nd period - Cole Sillinger is hit by Cody Ceci and loses puck.
0:26 of 2nd period - Conor Sheary is hit by Noah Dobson.
0:44 of 2nd period - Shot by Conor Sheary.
0:44 of 2nd period - Stopped by Joonas Korpisalo without a rebound.
0:45 of 2nd period - David Krejci wins face-off versus Pavel Zacha in Capitals zone.
0:50 of 2nd period - Shot by Kirill Marchenko.
0:50 of 2nd period - Deflect By David Krejci.
0:50 of 2nd period - Stopped by Joonas Korpisalo without a rebound.
0:51 of 2nd period - Jordan Greenway wins face-off versus David Krejci in Capitals zone.
0:51 of 2nd period - Jordan Greenway is hit by Ilya Mikheyev.
1:13 of 2nd period - Kevin Labanc is hit by Rasmus Ristolainen and loses puck.
2:05 of 2nd period - Shot by Elias Pettersson.
2:05 of 2nd period - Shot Misses the Net.
2:59 of 2nd period - Shot by Tyler Johnson.
2:59 of 2nd period - Shot Misses the Net.
3:01 of 2nd period - Shot by Quinton Byfield.
3:01 of 2nd period - Stopped by Karel Vejmelka without a rebound.
3:02 of 2nd period - Cole Sillinger wins face-off versus Quinton Byfield in Kings zone.
3:35 of 2nd period - Shot by Quinton Byfield.
3:35 of 2nd period - Shot Misses the Net.
4:19 of 2nd period - Shot by Ilya Mikheyev.
4:19 of 2nd period - Shot Misses the Net.
4:21 of 2nd period - Shot by David Krejci.
4:21 of 2nd period - Shot Misses the Net.
4:23 of 2nd period - Shot by Ilya Mikheyev.
4:23 of 2nd period - Stopped by Joonas Korpisalo without a rebound.
4:24 of 2nd period - Elias Pettersson wins face-off versus Derek Ryan in Capitals zone.
5:25 of 2nd period - Kirill Marchenko is hit by Jordan Greenway and loses puck.
5:32 of 2nd period - Shot by Jordan Greenway.
5:32 of 2nd period - Stopped by Karel Vejmelka with a rebound.
5:34 of 2nd period - Shot by Jordan Greenway.
5:34 of 2nd period - Shot Blocked by Mattias Ekholm.
5:36 of 2nd period - Shot by Jordan Greenway.
5:36 of 2nd period - Goal by Jordan Greenway - Capitals : 1 - Kings : 0.
5:37 of 2nd period - Cole Sillinger wins face-off versus Michael Rasmussen in neutral zone.
6:22 of 2nd period - Jason Dickinson is hit by Ben Hutton and loses puck.
6:37 of 2nd period - Shot by Pavel Zacha.
6:37 of 2nd period - Shot Hit the Post.
7:13 of 2nd period - Shot by Kevin Labanc.
7:13 of 2nd period - Stopped by Karel Vejmelka without a rebound.
7:14 of 2nd period - Elias Pettersson wins face-off versus Ilya Mikheyev in Kings zone.
7:31 of 2nd period - Shot by Kaapo Kakko.
7:31 of 2nd period - Stopped by Karel Vejmelka without a rebound.
7:32 of 2nd period - Jeff Carter wins face-off versus Morgan Frost in Kings zone.
7:41 of 2nd period - Shot by Brandon Saad.
7:41 of 2nd period - Stopped by Joonas Korpisalo with a rebound.
8:01 of 2nd period - Shot by Morgan Frost.
8:01 of 2nd period - Shot Misses the Net.
8:37 of 2nd period - Shot by Matias Maccelli.
8:37 of 2nd period - Shot Misses the Net.
9:33 of 2nd period - Shot by Derek Ryan.
9:33 of 2nd period - Stopped by Joonas Korpisalo with a rebound.
10:17 of 2nd period - Shot by Michael Rasmussen.
10:17 of 2nd period - Deflect By Tyler Johnson.
10:17 of 2nd period - Stopped by Karel Vejmelka without a rebound.
10:18 of 2nd period - Quinton Byfield wins face-off versus Jeff Carter in Kings zone.
11:09 of 2nd period - Shot by Kirill Marchenko.
11:09 of 2nd period - Shot Misses the Net.
11:12 of 2nd period - Icing by Noah Dobson.
11:13 of 2nd period - David Krejci wins face-off versus Quinton Byfield in Capitals zone.
11:21 of 2nd period - Shot by David Krejci.
11:21 of 2nd period - Stopped by Joonas Korpisalo without a rebound.
11:22 of 2nd period - Elias Pettersson wins face-off versus David Krejci in Capitals zone.
11:22 of 2nd period - Elias Pettersson is hit by David Krejci.
11:30 of 2nd period - Icing by Ilya Mikheyev.
11:31 of 2nd period - David Krejci wins face-off versus Elias Pettersson in Kings zone.
11:50 of 2nd period - Elias Pettersson is hit by Kirill Marchenko and loses puck.
12:25 of 2nd period - Shot by Conor Sheary.
12:25 of 2nd period - Stopped by Joonas Korpisalo without a rebound.
12:26 of 2nd period - Pavel Zacha wins face-off versus Cole Sillinger in Capitals zone.
12:32 of 2nd period - Noah Dobson is hit by David Savard and loses puck.
12:45 of 2nd period - Shot by Conor Sheary.
12:45 of 2nd period - Shot Misses the Net.
12:47 of 2nd period - Shot by Cole Sillinger.
12:47 of 2nd period - Deflect By Conor Sheary.
12:47 of 2nd period - Shot Blocked by Noah Dobson.
12:49 of 2nd period - Shot by Jason Dickinson.
12:49 of 2nd period - Stopped by Joonas Korpisalo without a rebound.
12:50 of 2nd period - Michael Rasmussen wins face-off versus Jeff Carter in Capitals zone.
12:50 of 2nd period - Michael Rasmussen is hit by Evander Kane.
12:57 of 2nd period - Off-side.
12:58 of 2nd period - Jeff Carter wins face-off versus Michael Rasmussen in neutral zone.
13:07 of 2nd period - Mattias Ekholm is hit by Cody Ceci and loses puck.
13:12 of 2nd period - Shot by Jeff Carter.
13:12 of 2nd period - Shot Misses the Net.
13:14 of 2nd period - Shot by Brandon Saad.
13:14 of 2nd period - Stopped by Joonas Korpisalo without a rebound.
13:15 of 2nd period - Cole Sillinger wins face-off versus Elias Pettersson in Capitals zone.
13:56 of 2nd period - Shot by Jason Dickinson.
13:56 of 2nd period - Stopped by Joonas Korpisalo without a rebound.
13:57 of 2nd period - Michael Rasmussen wins face-off versus Jeff Carter in Capitals zone.
13:57 of 2nd period - Michael Rasmussen is hit by Evander Kane.
14:02 of 2nd period - Michael Rasmussen is hit by David Savard and loses puck.
14:07 of 2nd period - Shot by Michael Rasmussen.
14:07 of 2nd period - Stopped by Karel Vejmelka without a rebound.
14:07 of 2nd period - Minor Penalty to David Savard for Hooking.
14:08 of 2nd period - Jason Dickinson wins face-off versus Morgan Frost in Kings zone.
14:08 of 2nd period - Jason Dickinson is hit by Michael Rasmussen.
14:29 of 2nd period - Icing by Michael Rasmussen.
14:30 of 2nd period - Michael Rasmussen wins face-off versus Tyler Motte in Capitals zone.
14:34 of 2nd period - Off-side.
14:35 of 2nd period - Jason Dickinson wins face-off versus Tyler Johnson in neutral zone.
15:08 of 2nd period - Shot by Kaapo Kakko.
15:08 of 2nd period - Deflect By Tyler Johnson.
15:08 of 2nd period - Shot Misses the Net.
15:10 of 2nd period - Shot by Elias Pettersson.
15:10 of 2nd period - Stopped by Karel Vejmelka without a rebound.
15:11 of 2nd period - Jason Dickinson wins face-off versus Michael Rasmussen in Kings zone.
15:11 of 2nd period - Jason Dickinson is hit by Michael Rasmussen.
16:13 of 2nd period - Shot by Jordan Greenway.
16:13 of 2nd period - Shot Blocked by Timothy Liljegren.
16:27 of 2nd period - Shot by Jordan Greenway.
16:27 of 2nd period - Deflect By Kevin Labanc.
16:27 of 2nd period - Shot Misses the Net.
16:30 of 2nd period - Pavel Zacha is hit by Rasmus Ristolainen and loses puck.
16:43 of 2nd period - Shot by Kevin Labanc.
16:43 of 2nd period - Shot Blocked by Rasmus Ristolainen.
16:44 of 2nd period - Minor Penalty to Rasmus Ristolainen for High sticking.
16:45 of 2nd period - Tyler Johnson wins face-off versus Jason Dickinson in Kings zone.
18:02 of 2nd period - Shot by Michael Rasmussen.
18:02 of 2nd period - Shot Misses the Net.
Goals for this period are 1 for Capitals vs 0 for Kings.
Shots for this period are 9 for Capitals vs 10 for Kings.

3rd period


0:01 of 3rd period - Elias Pettersson wins face-off versus Cole Sillinger in neutral zone.
0:36 of 3rd period - Shot by Elias Pettersson.
0:36 of 3rd period - Stopped by Karel Vejmelka without a rebound.
0:37 of 3rd period - Michael Rasmussen wins face-off versus David Krejci in Kings zone.
0:41 of 3rd period - Quinton Byfield is hit by Joel Edmundson and loses puck.
1:22 of 3rd period - Shot by Ilya Mikheyev.
1:22 of 3rd period - Shot Misses the Net.
2:00 of 3rd period - Shot by Jeff Carter.
2:00 of 3rd period - Stopped by Joonas Korpisalo without a rebound.
2:01 of 3rd period - Cole Sillinger wins face-off versus Elias Pettersson in Capitals zone.
2:06 of 3rd period - Shot by Conor Sheary.
2:06 of 3rd period - Deflect By Cole Sillinger.
2:06 of 3rd period - Stopped by Joonas Korpisalo with a rebound.
2:16 of 3rd period - Shot by Conor Sheary.
2:16 of 3rd period - Deflect By Cole Sillinger.
2:16 of 3rd period - Shot Misses the Net.
2:34 of 3rd period - Shot by Conor Sheary.
2:34 of 3rd period - Shot Blocked by Kaapo Kakko.
2:36 of 3rd period - Shot by Cole Sillinger.
2:36 of 3rd period - Stopped by Joonas Korpisalo without a rebound.
2:37 of 3rd period - Jeff Carter wins face-off versus Pavel Zacha in Capitals zone.
3:00 of 3rd period - Icing by David Kampf.
3:01 of 3rd period - David Krejci wins face-off versus Pavel Zacha in Capitals zone.
3:13 of 3rd period - Ilya Mikheyev is hit by Ben Hutton and loses puck.
3:30 of 3rd period - Shot by Rasmus Ristolainen.
3:30 of 3rd period - Stopped by Joonas Korpisalo without a rebound.
3:31 of 3rd period - Cole Sillinger wins face-off versus Elias Pettersson in Capitals zone.
3:46 of 3rd period - Shot by Elias Pettersson.
3:46 of 3rd period - Stopped by Karel Vejmelka without a rebound.
3:47 of 3rd period - Jeff Carter wins face-off versus Michael Rasmussen in Kings zone.
3:52 of 3rd period - Shot by Michael Rasmussen.
3:52 of 3rd period - Goal by Michael Rasmussen - Capitals : 2 - Kings : 0.
3:53 of 3rd period - Jason Dickinson wins face-off versus Elias Pettersson in neutral zone.
4:30 of 3rd period - Shot by Cole Sillinger.
4:30 of 3rd period - Shot Misses the Net.
5:32 of 3rd period - Icing by Quinton Byfield.
5:33 of 3rd period - Kirill Marchenko wins face-off versus Michael Rasmussen in Capitals zone.
5:33 of 3rd period - Ilya Mikheyev is hit by Jonas Siegenthaler and loses puck.
6:33 of 3rd period - Icing by David Kampf.
6:34 of 3rd period - Cole Sillinger wins face-off versus Pavel Zacha in Capitals zone.
6:44 of 3rd period - Off-side.
6:45 of 3rd period - Jeff Carter wins face-off versus Quinton Byfield in neutral zone.
7:08 of 3rd period - Shot by Jeff Carter.
7:08 of 3rd period - Shot Blocked by David Kampf.
7:10 of 3rd period - Shot by Joel Edmundson.
7:10 of 3rd period - Stopped by Joonas Korpisalo without a rebound.
7:11 of 3rd period - Cole Sillinger wins face-off versus Elias Pettersson in Capitals zone.
7:18 of 3rd period - Shot by Conor Sheary.
7:18 of 3rd period - Shot Misses the Net.
7:20 of 3rd period - Shot by Conor Sheary.
7:20 of 3rd period - Shot Misses the Net.
7:22 of 3rd period - Shot by Conor Sheary.
7:22 of 3rd period - Deflect By Cole Sillinger.
7:22 of 3rd period - Shot Misses the Net.
7:24 of 3rd period - Shot by Mattias Ekholm.
7:24 of 3rd period - Stopped by Joonas Korpisalo without a rebound.
7:25 of 3rd period - David Krejci wins face-off versus Pavel Zacha in Capitals zone.
7:30 of 3rd period - Shot by Kirill Marchenko.
7:30 of 3rd period - Stopped by Joonas Korpisalo without a rebound.
7:31 of 3rd period - Elias Pettersson wins face-off versus David Krejci in Capitals zone.
8:41 of 3rd period - Icing by Pavel Zacha.
8:42 of 3rd period - Pavel Zacha wins face-off versus Jeff Carter in Capitals zone.
9:07 of 3rd period - Brandon Saad is hit by Jordan Greenway and loses puck.
9:18 of 3rd period - Jeff Carter is hit by Kevin Labanc and loses puck.
9:31 of 3rd period - Jordan Greenway is hit by Evander Kane and loses puck.
10:14 of 3rd period - Shot by Michael Rasmussen.
10:14 of 3rd period - Stopped by Karel Vejmelka without a rebound.
10:15 of 3rd period - Cole Sillinger wins face-off versus Elias Pettersson in Kings zone.
10:26 of 3rd period - Shot by Jason Dickinson.
10:26 of 3rd period - Stopped by Joonas Korpisalo without a rebound.
10:27 of 3rd period - David Krejci wins face-off versus Elias Pettersson in Capitals zone.
10:31 of 3rd period - Icing by Noah Dobson.
10:32 of 3rd period - Elias Pettersson wins face-off versus Cole Sillinger in Capitals zone.
10:34 of 3rd period - Icing by Matias Maccelli.
10:35 of 3rd period - Cole Sillinger wins face-off versus Matias Maccelli in Capitals zone.
13:53 of 3rd period - Brandon Saad is hit by Cody Ceci and loses puck.
14:59 of 3rd period - Icing by Jonas Siegenthaler.
15:00 of 3rd period - Michael Rasmussen wins face-off versus Cole Sillinger in Capitals zone.
15:04 of 3rd period - Off-side.
15:05 of 3rd period - Pavel Zacha wins face-off versus Jason Dickinson in neutral zone.
15:11 of 3rd period - Icing by Jason Dickinson.
15:12 of 3rd period - Cole Sillinger wins face-off versus Pavel Zacha in Kings zone.
15:54 of 3rd period - Shot by Kevin Labanc.
15:54 of 3rd period - Shot Misses the Net.
16:09 of 3rd period - Icing by Noah Dobson.
16:10 of 3rd period - Elias Pettersson wins face-off versus David Krejci in Capitals zone.
16:34 of 3rd period - Icing by Nick Jensen.
16:35 of 3rd period - David Krejci wins face-off versus Quinton Byfield in Kings zone.
17:37 of 3rd period - Shot by Noah Dobson.
17:37 of 3rd period - Shot Misses the Net.
17:39 of 3rd period - Shot by Kaapo Kakko.
17:39 of 3rd period - Stopped by Karel Vejmelka with a rebound.
17:41 of 3rd period - Shot by Noah Dobson.
17:41 of 3rd period - Stopped by Karel Vejmelka without a rebound.
17:42 of 3rd period - Pavel Zacha wins face-off versus Jeff Carter in Kings zone.
18:04 of 3rd period - Shot by Brandon Saad.
18:04 of 3rd period - Stopped by Joonas Korpisalo without a rebound.
18:05 of 3rd period - Cole Sillinger wins face-off versus Elias Pettersson in Capitals zone.
18:05 of 3rd period - Jason Dickinson is hit by Cody Ceci.
18:07 of 3rd period - Shot by Conor Sheary.
18:07 of 3rd period - Shot Misses the Net.
18:19 of 3rd period - Shot by Matias Maccelli.
18:19 of 3rd period - Shot Misses the Net.
19:04 of 3rd period - Cody Ceci is hit by Evander Kane and loses puck.
19:28 of 3rd period - Shot by Jeff Carter.
19:28 of 3rd period - Shot Misses the Net.
Goals for this period are 1 for Capitals vs 0 for Kings.
Shots for this period are 6 for Capitals vs 9 for Kings.